 Dungeon Crawl Stone Soup version 0.30.0-19-gbf45117a57 (webtiles) character file.

Game seed: 11728064594007886102

289 qw the Chopper (level 6, -2/38 HPs)
             Began as a Gargoyle Fighter on May 25, 2023.
             Was an Initiate of Okawaru.
             Killed by divine providence
             ... invoked by an orc priest
              (15 damage)
             ... on level 4 of the Dungeon.
             The game lasted 00:01:49 (3632 turns).

qw the Chopper (Gargoyle Fighter)                   Turns: 3632, Time: 00:01:49

Health: -2/38      AC: 11    Str: 19 (22) XL:     6   Next: 31%
Magic:  6/6        EV:  9    Int:  6 (8)  God:    Okawaru [......]
Gold:   174        SH:  3    Dex:  4 (7)  Spells: 5/5 levels left

rFire   . . .        Y - +0 war axe (flame)
rCold   . . .        c - +0 buckler
rNeg    + . .        b - +0 scale mail
rPois   inf          (no helmet)
rElec   +            (no cloak)
rCorr   .            (no gloves)
SInv    .            (no boots)
Will    .....        (no amulet) Stlth
                     (no ring)
HPRegen 0.26/turn    (no ring)
MPRegen 0.10/turn

%: clarity
@: no status effects
A: sickness immunity, AC +4, negative energy resistance 1, electricity
resistance, torment resistance 1, petrification resistance, clarity, clumsy 1,
evolution 1
a: Renounce Religion


You were on level 4 of the Dungeon.
You worshipped Okawaru.
Okawaru was noncommittal.
You visited 2 branches of the dungeon, and saw 5 of its levels.

You collected 174 gold pieces.


Innate Abilities, Weirdness & Mutations

You are immune to sickness and miasma.
Your stone body is resilient. (AC +4)
You are immune to poison.
You resist negative energy. (rN+)
You are resistant to electric shocks. (rElec)
You are resistant to unholy torment.
You are immune to petrification.
You possess an exceptional clarity of mind.
You are clumsy. (Dex -2)
You have hidden genetic potential.


   Skills:
 - Level 4.0 Fighting
 + Level 5.5 Axes
 - Level 3.2 Armour
 - Level 3.2 Shields


You had 5 spell levels left.
You didn't know any spells.
Your spell library was empty.

Inventory:

Hand Weapons
 Y - a +0 war axe of flaming (weapon)
Missiles
 g - 3 boomerangs (quivered)
Armour
 b - a +0 scale mail (worn)
 c - a +0 buckler (worn)
Scrolls
 j - a scroll of identify
Potions
 d - a potion of might
 e - 3 potions of heal wounds
 f - a potion of ambrosia {unknown}
 i - a potion of brilliance {unknown}
 k - 2 potions of mutation
 l - a potion of haste {unknown}
 o - 2 potions of curing

Dungeon Overview and Level Annotations

Branches:
Dungeon (4/15)             Temple (1/1) D:4

Altars:
Ashenzari
Cheibriados
Fedhas
Hepliaklqana
Kikubaaqudgha
Nemelex Xobeh
Okawaru
Qazlal
Ru
Sif Muna
Trog
Uskayaw
Vehumet
Xom
Yredelemnul
Zin
The Shining One

Shops:
D:1 :


Message History

The orc priest is moderately wounded.
The orc priest hits you but does no damage.
You closely miss the orc priest.
The orc priest is moderately wounded.
The orc priest calls down the wrath of Beogh upon you.
Pain shoots through your body!
The orc priest hits you but does no damage.
The orc priest barely misses you.
You hit the orc priest. You burn the orc priest.
The orc priest is severely wounded.
You hit the orc priest. You burn the orc priest. You barely miss the orc.
You block the orc priest's attack. The orc hits you but does no damage.
The orc priest hits you but does no damage.
You hit the orc priest but do no damage.
The orc priest is severely wounded.
You hit the orc but do no damage. You hit the orc priest.
You burn the orc priest. You hit the orc wizard. You burn the orc wizard.
You block the orc wizard's attack.
The orc priest hits you but does no damage.
The orc hits you with a +0 club.
The orc priest mumbles some strange prayers to Beogh against you.
Beogh smites you!
You barely miss the orc priest.
The orc priest is severely wounded.
You hit the orc priest but do no damage.
You closely miss the orc wizard. You barely miss the orc.
The orc wizard casts a spell.
The orc wizard flickers and vanishes!
Deactivating autopickup; reactivate with Ctrl-A.
The orc priest hits you but does no damage.
The orc hits you but does no damage.
The orc priest hits you but does no damage.
You barely miss the orc priest.
The orc priest is severely wounded.
You barely miss the orc. You barely miss the orc priest.
You completely miss something. Something hits you.
The orc priest calls down the wrath of Beogh upon you.
Beogh smites you!
You die...

###.## #... ### ##.##
##.. ##.. ##.######...
#...## ##.####.#....
##....# ##..#.#.......
##.....###.#...........
#......#..####.#.......
##....o...## ####.#....
#.....o@.## ####... ..
#.....{o## ##.. ..
#........ #... #
#.....###. ##.. ......
.# ##. .##..# . #..
...# .. ##. #.. .# #..
#.#


You could see 2 orc priests and an orc.

Vanquished Creatures
  A jelly (D:4)
  An orc priest (D:3)
  An orc wizard (D:3)
  4 gnolls (D:4)
  5 adders
  3 worms
  5 dart slugs
  9 orcs
  6 endoplasms
  2 giant cockroaches (D:3)
  13 goblins
  8 hobgoblins
  3 jackals (D:2)
  7 kobolds
  5 quokkas
  4 ball pythons
  6 bats
  5 frilled lizards (D:1)
  5 rats
93 creatures vanquished.

Notes
Turn   | Place    | Note
-------+----------+-------------------------------------------
     0 | D:1      | qw the Gargoyle Fighter began the quest for the Orb.
     0 | D:1      | Reached XP level 1. HP: 14/14 MP: 1/1
     0 | D:1      | 0 ||| qw: Version: 0.2-a-98-g5d7165a
     0 | D:1      | 0 ||| qw: Game counter: 104
     0 | D:1      | 0 ||| qw: Always use a shield: true
     0 | D:1      | 0 ||| qw: God list: Okawaru
     0 | D:1      | 0 ||| qw: Allow faded altars: false
     0 | D:1      | 0 ||| qw: Do Orc after D:15 true
     0 | D:1      | 0 ||| qw: Do second Lair branch before Depths: true
     0 | D:1      | 0 ||| qw: Lair rune preference: random
     0 | D:1      | 0 ||| qw: Plans: Normal, Zot:1-4, God:TSO, Crypt, Tomb,
                  | Pan, Slime:5, Hells, Abyss, Win
     0 | D:1      | 0 ||| PLANNING D:1-11
    33 | D:1      | Reached skill level 2 in Axes
    88 | D:1      | 88 ||| Stepping ~*~*~tactically~*~*~ (hiding).
    89 | D:1      | 89 ||| Stepping ~*~*~tactically~*~*~ (hiding).
   133 | D:1      | Reached XP level 2. HP: 19/19 MP: 2/2
   136 | D:1      | Found Heso's Book Shoppe.
   239 | D:1      | 239 ||| DROPPING +0 club.
   427 | D:1      | Reached skill level 3 in Axes
   474 | D:1      | Reached XP level 3. HP: 23/23 MP: 3/3
   829 | D:1      | 829 ||| DROPPING ring of wizardry.
   830 | D:1      | 830 ||| READING scroll labelled UMPEM PIMEGUOT.
   831 | D:1      | 831 ||| READING 2 scrolls labelled MIMACR EGEUPSU.
   832 | D:1      | 832 ||| READING scroll labelled NIALE GAPHEMI.
   833 | D:1      | 833 ||| READING scroll labelled YNARIEF KEOCECW.
   834 | D:1      | 834 ||| DRINKING 2 black potions.
  1090 | D:2      | 1090 ||| Stepping ~*~*~tactically~*~*~ (stealth).
  1091 | D:2      | 1091 ||| Stepping ~*~*~tactically~*~*~ (stealth).
  1098 | D:2      | Reached XP level 4. HP: 26/28 MP: 4/4
  1220 | D:2      | Reached skill level 4 in Axes
  1497 | D:2      | 1497 ||| Stepping ~*~*~tactically~*~*~ (stealth).
  1839 | D:2      | 1839 ||| DRINKING 2 inky potions.
  1840 | D:2      | 1840 ||| READING 2 scrolls of identify.
  1840 | D:2      | 1840 ||| IDENTIFYING glowing puce potion
  1841 | D:2      | 1841 ||| DROPPING potion of flight.
  1913 | D:3      | 1913 ||| STAIRDANCE
  1970 | D:3      | Reached XP level 5. HP: 30/32 MP: 5/5
  2007 | D:3      | 2007 ||| Stepping ~*~*~tactically~*~*~ (stealth).
  2221 | D:3      | 2221 ||| Stepping ~*~*~tactically~*~*~ (stealth).
  2224 | D:3      | 2224 ||| Stepping ~*~*~tactically~*~*~ (stealth).
  2236 | D:3      | Reached skill level 5 in Axes
  2344 | D:3      | 2344 ||| DROPPING +0 whip.
  2869 | D:3      | 2869 ||| DRINKING 3 bubbling yellow potions.
  2869 | D:3      | Gained mutation: You have hidden genetic potential. [potion
                  | of mutation]
  2869 | D:3      | Gained mutation: You possess an exceptional clarity of
                  | mind. [potion of mutation]
  2869 | D:3      | Gained mutation: You are clumsy. (Dex -2) [potion of
                  | mutation]
  2870 | D:3      | 2870 ||| READING 2 scrolls of identify.
  2870 | D:3      | 2870 ||| IDENTIFYING red potion
  2871 | D:3      | 2871 ||| DROPPING potion of magic.
  2988 | D:4      | 2988 ||| READING scroll of brand weapon.
  2988 | D:4      | 2988 ||| BRANDING +0 war axe of protection.
  2989 | D:4      | 2989 ||| DROPPING +0 morningstar.
  3048 | D:4      | Found an ancient bone altar of Kikubaaqudgha.
  3052 | D:4      | Found a blossoming altar of Fedhas.
  3063 | D:4      | 3063 ||| Stepping ~*~*~tactically~*~*~ (stealth).
  3064 | D:4      | 3064 ||| Stepping ~*~*~tactically~*~*~ (stealth).
  3065 | D:4      | 3065 ||| Stepping ~*~*~tactically~*~*~ (stealth).
  3073 | D:4      | 3073 ||| Stepping ~*~*~tactically~*~*~ (stealth).
  3082 | D:4      | 3082 ||| Stepping ~*~*~tactically~*~*~ (stealth).
  3084 | D:4      | 3084 ||| Stepping ~*~*~tactically~*~*~ (stealth).
  3086 | D:4      | 3086 ||| Stepping ~*~*~tactically~*~*~ (stealth).
  3096 | D:4      | Reached XP level 6. HP: 28/38 MP: 6/6
  3195 | D:4      | Found a sacrificial altar of Ru.
  3392 | D:4      | Found a staircase to the Ecumenical Temple.
  3393 | D:4      | 3393 ||| PLANNING TEMPLE
  3393 | D:4      | 3393 ||| READING scroll labelled ZUEJECOOBB.
  3394 | D:4      | 3394 ||| DRINKING 2 fuming puce potions.
  3395 | D:4      | 3395 ||| DROPPING potion of degeneration.
  3404 | Temple   | Entered the Ecumenical Temple
  3418 | Temple   | 3418 ||| PLANNING OKAWARU WORSHIP
  3449 | Temple   | Became a worshipper of Warmaster Okawaru
  3449 | Temple   | 3449 ||| PLANNING D:1-11
  3632 | D:4      | Killed from afar by an orc priest

Levels and vault maps discovered:
D:1:      minmay_arrival_shoal_huts, layout_basic, serial_shops, shop,
          minmay_misc_feat_rugged, minivault_4
D:2:      layout_loops_ring, minmay_goblin_outpost
D:3:      layout_loops_corners, palyth_stone_intersect
D:4:      layout_cave_pods, grunt_temple_overflow_growth_and_decay,
          mainiacjoe_overflow_tiny_flanked, nicolae_dithmenos_shadow_blocks,
          general_overflow_altar, minmay_temple_entry_stoned_glass,
          nicolae_figureground_sparkle
Temple:   nicolae_temple_ecumenical_triangle

Skill      XL: |  1  2  3  4  5 |
---------------+----------------+-----
Axes           | 2 3 4 5 |  5.5
Fighting       | 4 |  4.0
Armour         | |  3.2
Shields        | |  3.2

Action                     |  1- 3 |  4- 6 || total
---------------------------+-------+-------++-------
  Melee: War axe           |   121 |   159 ||   280
  Throw: Boomerang         |       |    56 ||    56
    Use: Scroll            |     4 |     4 ||     8
         Potion            |     1 |     3 ||     4
 Armour: Scale mail        |    52 |    95 ||   147
  Dodge: Dodged            |    62 |    76 ||   138
  Block: Buckler           |    21 |    21 ||    42

Table legend:
 A = Non-vault XP
 B = Vault XP
 C = Vault XP percentage of total XP
 D = Non-vault monster count
 E = Vault monster count
 F = Vault count percentage of total count
                 A         B        C        D         E       F
            +---------+---------+-------+---------+---------+-------
      Total |     399 |      15 |   3.6 |      85 |       8 |   8.6
            +---------+---------+-------+---------+---------+-------
        D:1 |      43 |       0 |   0.0 |      24 |       0 |   0.0
        D:2 |      93 |      15 |  13.9 |      22 |       8 |  26.7
        D:3 |     141 |       0 |   0.0 |      25 |       0 |   0.0
        D:4 |     122 |       0 |   0.0 |      14 |       0 |   0.0
            +---------+---------+-------+---------+---------+-------
